 Dungeon Crawl Stone Soup version 0.27-a0-323-gbd089401bb (webtiles) character file.

Game seed: 16220753424784058259

54 inqbanana the Slasher (level 3, -2/28 HPs)
             Began as a Demonspawn Gladiator on Feb 11, 2021.
             Slain by a gnoll
             ... wielding a +0 flail
              (3 damage)
             ... on level 2 of the Dungeon.
             The game lasted 00:01:55 (2166 turns).

inqbanana the Slasher (Demonspawn Gladiator)        Turns: 2166, Time: 00:01:56

Health: -2/28      AC:  3    Str: 14    XL:     3   Next: 66%
Magic:  3/3        EV: 13    Int:  9    God:
Gold:   79         SH:  0    Dex: 15    Spells: 2/2 levels left

rFire    + . .     SeeInvis .   a - +0 long sword
rCold    + . .     Faith    .   (no shield)
rNeg     . . .     Spirit   .   b - +0 leather armour
rPois    +         Reflect  .   (helmet restricted)
rElec    +         Harm     .   (no cloak)
rCorr    +         Rampage  .   (no gloves)
Will     .....                  (no boots)
Stlth    ++........             e - amulet of the acrobat
HPRegen  0.09/turn              (no ring)
MPRegen  0.08/turn              (no ring)

@: resistant, flying
A: antennae 1, demonic guardian 1
a: no special abilities


You were on level 2 of the Dungeon.
You visited 1 branch of the dungeon, and saw 2 of its levels.

You collected 79 gold pieces.

Inventory:

Hand Weapons
 a - a +0 long sword (weapon)
Missiles
 d - 3 throwing nets (quivered)
Armour
 b - a +0 leather armour (worn)
 c - a +0 helmet
Jewellery
 e - an amulet of the acrobat (around neck)
 i - a ring of wizardry {unknown}
Wands
 o - a wand of acid (9)
Scrolls
 f - 2 scrolls of teleportation {unknown}
 g - a scroll of blinking {unknown}
 j - a scroll of identify {unknown}
 k - a scroll of noise {unknown}
Potions
 m - a potion of curing
 n - a potion of heal wounds


   Skills:
 + Level 2.4 Fighting
 * Level 3.3 Long Blades
 - Level 1.7 Throwing
 + Level 0.9 Armour
 + Level 3.0 Dodging
 + Level 1.1 Stealth


You had 2 spell levels left.
You didn't know any spells.
Your spell library was empty.

Dungeon Overview and Level Annotations

Branches:
Dungeon (2/15)

Altars:


Innate Abilities, Weirdness & Mutations

A weak demonic guardian rushes to your aid.
You have a pair of small antennae on your head.


Message History

Your quasit misses the gnoll.
The gnoll hits you from afar with a +0 spear.
* * * LOW HITPOINT WARNING * * *
Something hits your quasit.
Your quasit closely misses the gnoll.
Your quasit claws the gnoll but does no damage.
Your quasit claws the gnoll.
The gnoll barely misses you.
The gnoll hits you from afar with a +0 spear.
* * * LOW HITPOINT WARNING * * *
The gnoll completely misses you.
The gnoll completely misses your quasit.
Unknown command.
You closely miss the gnoll.
The gnoll is moderately wounded.
The gnoll misses you.
You riposte.
You hit the gnoll but do no damage.
The gnoll is moderately wounded.
Something closely misses your quasit. Something hits your quasit.
Your quasit bites the dart slug.
Your quasit claws the dart slug. x2
You hit the gnoll but do no damage.
The gnoll is moderately wounded.
The gnoll closely misses you. Something misses your quasit.
Something completely misses your quasit.
Something misses your quasit.
Your quasit bites the dart slug.
Your quasit claws the dart slug.
Your quasit claws the dart slug but does no damage.
Something hits your quasit.
Your quasit dies!
You hit the gnoll but do no damage.
The gnoll is moderately wounded.
The gnoll hits you with a +0 flail.
* * * LOW HITPOINT WARNING * * *
A demonic guardian appears!
You hit the gnoll.
The gnoll is moderately wounded.
The gnoll barely misses you.
Unknown command.
You hit the gnoll but do no damage.
The gnoll is moderately wounded.
The gnoll hits you with a +0 flail.
You die...

#........###.....#.>...
##.###...##........###.
### #.####............
#.# #..........## #.#
#....†.....# #.#
#..........#
#.####..........#
#5##............#
#@##......#######
#g#..........#
#w#..........#
#ggg.........#
###.5........#
#........?.#
#.........$#
#..........#
#..........#


You could see 3 gnolls, a dart slug and a friendly quasit (summoned).

Vanquished Creatures
  3 oozes
  3 leopard geckos
  2 ball pythons
  A giant cockroach (D:1)
  4 goblins (D:1)
  4 hobgoblins
  3 jackals (D:2)
  2 kobolds (D:1)
  8 bats
  6 rats
36 creatures vanquished.

Vanquished Creatures (collateral kills)
  A hobgoblin (D:2)
1 creature vanquished.

Grand Total: 37 creatures vanquished

Notes
Turn   | Place    | Note
-------+----------+-------------------------------------------
     0 | D:1      | inqbanana the Demonspawn Gladiator began the quest for the
                  | Orb.
     0 | D:1      | Reached XP level 1. HP: 16/16 MP: 1/1
   529 | D:1      | Gained mutation: A weak demonic guardian rushes to your
                  | aid. [demonic ancestry]
   529 | D:1      | Reached XP level 2. HP: 19/22 MP: 2/2
  1269 | D:1      | Reached XP level 3. HP: 28/28 MP: 3/3
  1323 | D:1      | Gained mutation: Your flesh is cold resistant. (rC+)
                  | [potion of mutation]
  1323 | D:1      | Gained mutation: You possess an exceptional clarity of
                  | mind. [potion of mutation]
  1324 | D:1      | Lost mutation: You possess an exceptional clarity of mind.
                  | [potion of mutation]
  1324 | D:1      | Lost mutation: Your flesh is cold resistant. (rC+) [potion
                  | of mutation]
  1324 | D:1      | Gained mutation: You are weak. (Str -2) [potion of
                  | mutation]
  1324 | D:1      | Lost mutation: You are weak. (Str -2) [potion of mutation]
  1324 | D:1      | Gained mutation: You have a pair of small antennae on your
                  | head. [potion of mutation]
  1594 | D:2      | Reached skill level 1 in Stealth
  2164 | D:2      | HP: 1/28 [gnoll/+0 flail (2)]
  2166 | D:2      | Slain by a gnoll

Illustrated notes

Levels and vault maps discovered:
D:1:      heliophobic_arrival_enchanted_forest, layout_basic
D:2:      layout_basic, lemuel_coloured_pillars_altar

Skill      XL: |  1  2  3 |
---------------+----------+-----
Long Blades    | 3 |  3.3
Stealth        | 1 |  1.1
Dodging        | 3 |  3.0
Fighting       | |  2.4
Throwing       | |  1.7
Armour         | |  0.9

Action                   || total
-------------------------++-------
Melee: Long sword        ||   120
  Use: Potion            ||     6
 Stab: Sleeping          ||     3
Armor: Leather armour    ||    37
Dodge: Dodged            ||   135
       Rpst.: Long sword ||    41

Table legend: (Time is in decaauts)
 A = Elapsed time spent in this place.
 B = Non-inter-level travel time spent in this place.
 C = Inter-level travel time spent in this place.
 D = Time resting spent in this place.
 E = Time spent auto-exploring this place.
 F = Levels seen in this place.
 G = Mean time per level.
                   A        B        C        D        E       F      G
               +--------+--------+--------+--------+--------+-----+--------+
         Total |   2194 |   2170 |     24 |    494 |   1365 |   2 | 1097.0 |
       Dungeon |   2194 |   2170 |     24 |    494 |   1365 |   2 | 1097.0 |
               +--------+--------+--------+--------+--------+-----+--------+

Top non-repeatable levels by time:
     D:1: 1583 daAuts
     D:2: 611 daAuts
